 Seeded DCSS version 0.28-a0-863-g8cecda6153 (webtiles) character file.

Game seed: 7318295585953179233 (custom seed)

87 flotson the Sneak (level 4, -4/35 HPs)
             Began as a Demonspawn Delver on Nov 17, 2021.
             Slain by a scorpion (6 damage)
             ... while paralysed by Grinder
             ... on level 4 of the Dungeon.
             The game lasted 00:04:13 (2371 turns).

flotson the Sneak (Demonspawn Delver)               Turns: 2371, Time: 00:04:14

Health: -4/35      AC:  5    Str: 13    XL:     4   Next: 28%
Magic:  4/4        EV:  2    Int: 12    God:
Gold:   89         SH:  0    Dex: 14    Spells: 3/3 levels left

rFire   . . .      SeeInvis .   a - +2 dagger (freeze)
rCold   . . .      Faith    .   (no shield)
rNeg    . . .      Spirit   .   b - +0 leather armour
rPois   .          Reflect  .   (no helmet)
rElec   .          Harm     .   o - +0 cloak
rCorr   .          Rampage  .   n - +0 pair of gloves
Will    .....                   (no boots)
Stlth   ++........              (no amulet)
HPRegen 0.11/turn               (no ring)
MPRegen 0.09/turn               (no ring)

@: paralysed, lethally poisoned (-4 -> -12)
A: hooves 1, powered by death 1
a: no special abilities


You were on level 4 of the Dungeon.
You visited 1 branch of the dungeon, and saw 5 of its levels.

You collected 125 gold pieces.
You spent 36 gold pieces at shops.

Inventory:

Hand Weapons
 a - a +2 dagger of freezing (weapon)
Missiles
 m - 8 poisoned darts (quivered)
 p - 6 curare-tipped darts
Armour
 b - a +0 leather armour (worn)
 n - a +0 pair of gloves (worn)
 o - a +0 cloak (worn)
Wands
 g - a wand of digging (3)
Scrolls
 c - 3 scrolls of fog
 d - 2 scrolls of magic mapping
 e - a scroll of fear
 h - a scroll of immolation {unknown}
 i - 2 scrolls of vulnerability {unknown}
 j - a scroll of blinking {unknown}
 k - a scroll of enchant weapon {unknown}
 r - a scroll of silence {unknown}
Potions
 f - 2 potions of haste
 l - a potion of heal wounds {unknown}
 q - a potion of magic {unknown}


   Skills:
 + Level 3.5 Fighting
 - Level 2.2(2.3) Short Blades
 + Level 0.5(1.5) Long Blades
 + Level 0.5 Throwing
 + Level 1.5 Armour
 + Level 2.5 Dodging
 - Level 4.5 Stealth


You had 3 spell levels left.
You didn't know any spells.
Your spell library contained the following spells:

 Spells                   Type           Power      Damage    Failure   Level
 Apportation              Tloc           0%         N/A       38%         1
 Alistair's Intoxication  Tmut/Pois      0%         N/A       100%        5


Dungeon Overview and Level Annotations

Branches:
Dungeon (5/15)
 Temple: D:4-7

Altars:

Shops:
D:2 (   D:3 (![(

Annotations:
D:4 Grinder


Innate Abilities, Weirdness & Mutations

You have large cloven feet.
You regenerate a little health from kills.


Message History

You resist with significant effort. Grinder says, "Are you a fish?"
Grinder gestures at you. Pain shoots through your body!
The endoplasm quivers.
The endoplasm jiggles.
You can move again.
Grinder hits you.
You hit Grinder. You kick Grinder, but do no damage.
Grinder is lightly wounded.
Grinder blinks!
A scorpion comes into view.
The endoplasm freezes you.
You are frozen.
Grinder blinks!
You hit the endoplasm. You freeze the endoplasm.
The endoplasm is almost dead.
The endoplasm hits you but does no damage.
You hit the endoplasm. You freeze the endoplasm.
You kill the endoplasm!
Grinder gestures at you.
You suddenly lose the ability to move!
The scorpion stings you.
You are poisoned.
The scorpion poisons you!
The scorpion stings you but does no damage.
You feel very sick. The scorpion stings you!
You are lethally poisoned!
The scorpion poisons you!
You feel very sick. Grinder gestures at you.
You shrug off the repeated paralysis!
The scorpion stings you.
* * * LOW HITPOINT WARNING * * *
You feel very sick.
Grinder blinks!
The scorpion stings you.
* * * LOW HITPOINT WARNING * * *
* * * LOW HITPOINT WARNING * * *
You feel very sick. The scorpion stings you.
You die...

.............##.#.#.#
#.#
.............##.#.#.#
#^#
................#.#.#
#.#
............#####.#.#
#.# ...##.#
....#.######.#
......# #..#.....#
......# #..#####.#
......##. #.5......#
...#..... #@########
...#..... #§s....#
......... .....#..#
......... ...##.#
......... ....# .#
......... .....# #
......... ......#
.<....... .....###
......#..


You could see Grinder and a scorpion.

Vanquished Creatures
  3 adders (D:3)
  2 worms
  A dart slug (D:1)
  2 orcs (D:4)
  6 bats
  3 endoplasms
  3 giant cockroaches
  3 goblins (D:1)
  5 hobgoblins
  A quokka (D:1)
  12 ball pythons
  4 frilled lizards
  A kobold (D:2)
  5 rats
51 creatures vanquished.

Notes
Turn   | Place    | Note
-------+----------+-------------------------------------------
     0 | D:5      | flotson the Demonspawn Delver began the quest for the Orb.
     0 | D:5      | Reached XP level 1. HP: 18/18 MP: 1/1
    41 | D:5      | Noticed an ogre
   276 | D:2      | Gained mutation: You regenerate a little health from kills.
                  | [demonic ancestry]
   276 | D:2      | Reached XP level 2. HP: 24/24 MP: 2/2
   317 | D:2      | Found Zuidd's Antique Weapon Boutique.
   375 | D:1      | You fall into a shaft and drop 1 floor!
   751 | D:1      | Reached skill level 1 in Armour
   781 | D:1      | Discovered your monstrous ancestry.
   781 | D:1      | Gained mutation: You have large cloven feet. [demonic
                  | ancestry]
   781 | D:1      | Reached XP level 3. HP: 29/29 MP: 3/3
  1761 | D:3      | Found Ihis's Distillery.
  1902 | D:3      | Found Umeotwyq's Weapon Emporium.
  2021 | D:3      | Reached XP level 4. HP: 31/35 MP: 4/4
  2099 | D:3      | Found Ohesa's Weapon Emporium.
  2104 | D:3      | Bought 6 curare-tipped darts for 36 gold pieces
  2206 | D:3      | Found Zaneopp's Armour Boutique.
  2354 | D:4      | Noticed Grinder
  2354 | D:4      | Paralysed by Grinder for 7 turns
  2364 | D:4      | Noticed a scorpion
  2366 | D:4      | Paralysed by Grinder for 5 turns
  2371 | D:4      | Slain by a scorpion

Illustrated notes

Levels and vault maps discovered:
D:1:      giann_horns, layout_rooms, minmay_ruptured
D:2:      layout_loops_ring, serial_shops, nicolae_square_shop
D:3:      layout_loops_ring, serial_shops, nicolae_shop_behind_doors, shop,
          nicolae_shop_competitors_out_of_business, nicolae_shop_hallway_plus,
          grunt_decor_fettered
D:4:      layout_basic, minmay_temple_entry_sparse_star, uniq_grinder
D:5:      layout_cave_pods, gammafunk_ghost_necromancy,
          minmay_misc_feat_more_columns, item_on_display_a, uniq_duvessa

Skill      XL: |  1  2 |
---------------+-------+-----
Dodging        | 2 |  2.5
Short Blades   | 2 |  2.2
Armour         | 1 |  1.5
Fighting       | |  3.5
Long Blades    | |  0.5
Throwing       | |  0.5
Stealth        | |  4.5

Action                   |  1- 3 |  4- 6 || total
-------------------------+-------+-------++-------
Melee: Rapier            |    79 |       ||    79
       Dagger            |    34 |    13 ||    47
       Kick              |    11 |     5 ||    16
 Stab: Sleeping          |    11 |     1 ||    12
       Distracted        |     1 |       ||     1
Armor: Leather armour    |    23 |     4 ||    27
Dodge: Dodged            |    62 |     4 ||    66

Table legend: (Time is in decaauts)
 A = Elapsed time spent in this place.
 B = Non-inter-level travel time spent in this place.
 C = Inter-level travel time spent in this place.
 D = Time resting spent in this place.
 E = Time spent auto-exploring this place.
 F = Levels seen in this place.
 G = Mean time per level.
                   A        B        C        D        E       F      G
               +--------+--------+--------+--------+--------+-----+--------+
         Total |   2374 |   2159 |    215 |      0 |   1769 |   5 |  474.8 |
       Dungeon |   2374 |   2159 |    215 |      0 |   1769 |   5 |  474.8 |
               +--------+--------+--------+--------+--------+-----+--------+

Top non-repeatable levels by time:
     D:1: 795 daAuts
     D:3: 709 daAuts
     D:2: 680 daAuts
     D:4: 117 daAuts
     D:5: 71 daAuts
